 Dungeon Crawl Stone Soup version 0.26-a0-597-gb535b0901c (webtiles) character file.

Game seed: 13071190222345660035

1321 Apogee the Covert (level 8, 0/39 HPs)
             Began as a Spriggan Enchanter on Sept 12, 2020.
             Was a Believer of Vehumet.
             Slain by a centaur (9 damage)
             ... on level 6 of the Dungeon.
             The game lasted 00:17:51 (8557 turns).

Apogee the Covert (Spriggan Enchanter)              Turns: 8557, Time: 00:17:52

Health: 0/39       AC:  2    Str:  4    XL:     8   Next: 33%
Magic:  9/15       EV: 21    Int: 18    God:    Vehumet [**....]
Gold:   364        SH:  0    Dex: 17    Spells: 9/15 levels left

rFire    . . .     SeeInvis +   a - +1 dagger
rCold    . . .     Faith    .   (shield restricted)
rNeg     . . .     Spirit   .   b - +0 robe
rPois    .         Reflect  .   (helmet restricted)
rElec    .         Harm     .   (no cloak)
rCorr    .                      (gloves unavailable)
MR       +....                  (boots unavailable)
Stlth    ++++......             (no amulet)
HPRegen  0.13/turn              (no ring)
MPRegen  0.14/turn              (no ring)

@: very quick
A: very small, unfitting armour, see invisible, speed 3
a: Renounce Religion


You were on level 6 of the Dungeon.
You worshipped Vehumet.
Vehumet was pleased with you.
You visited 1 branch of the dungeon, and saw 6 of its levels.

You collected 364 gold pieces.

Inventory:

Hand Weapons
 a - a +1 dagger (weapon)
Missiles
 f - 286 stones (quivered)
Armour
 b - a +0 robe (worn)
Jewellery
 e - an uncursed amulet of magic regeneration
   (You found it on level 1 of the Dungeon)
Wands
 d - a wand of iceblast (8)
   (You found it on level 4 of the Dungeon)
 i - a wand of enslavement (9)
   (You found it on level 6 of the Dungeon)
 s - a wand of polymorph (13)
   (You took it off Edmund on level 4 of the Dungeon)
Scrolls
 c - 5 scrolls of remove curse {@r2}
 g - 3 scrolls of fog
 l - a scroll of random uselessness {unknown}
 m - 2 scrolls of noise {unknown}
 o - 2 scrolls of enchant armour {unknown}
 q - 4 scrolls of immolation {!r}
 r - 3 scrolls of fear
 y - a scroll of blinking {unknown}
 z - 4 scrolls of teleportation {@r4}
 A - 2 scrolls of magic mapping {unknown}
Potions
 h - 3 potions of curing {@q1}
 j - 2 potions of lignification {unknown}
 k - a potion of cancellation
 n - 2 potions of degeneration {!q}
 t - 3 potions of brilliance
 u - a potion of magic {unknown}
 v - a potion of mutation {unknown}
 w - 2 potions of berserk rage
 x - 2 potions of stabbing


   Skills:
 + Level 2.5 Fighting
 - Level 5.0 Short Blades
 + Level 5.7 Dodging
 - Level 8.0 Stealth
 - Level 4.0 Spellcasting
 - Level 8.0 Hexes


You had 9 spell levels left.
You knew the following spells:

 Your Spells              Type           Power        Failure   Level
a - Corona                Hex            ####...      1%          1
b - Confusing Touch       Hex            ####....     1%          3
x - Ensorcelled Hibernat  Hex/Ice        ###...       4%          2

Your spell library contained the following spells:

 Spells                   Type           Power        Failure   Level
 Shock                    Conj/Air       #...         14%         1
 Slow                     Hex            ####....     1%          2
 Tukima's Dance           Hex            ####....     1%          3
 Dazzling Flash           Conj/Hex       ###...       9%          3
 Magic Dart               Conj           #...         14%         1
 Blink                    Tloc           N/A          22%         2
 Call Imp                 Summ           #.......     22%         2
 Conjure Flame            Conj/Fire      #.......     41%         3
 Mephitic Cloud           Conj/Pois/Air  #.......     41%         3


Dungeon Overview and Level Annotations

Branches:
Dungeon (6/15)             Temple (0/1) D:6

Altars:
Gozag
Hepliaklqana
Nemelex Xobeh
Trog
Vehumet

Annotations:
D:3 3 runed translucent doors, Yorgos's ghost, amateur GnDe
D:4 3 runed translucent doors, Tenar's ghost, amateur FoFi


Innate Abilities, Weirdness & Mutations

You are very small and have problems with some larger weapons.
You are too small for most types of armour.
You have supernaturally acute eyesight. (SInv)
You cover ground extremely quickly.


Message History

The orc priest barely misses you.
Aim: an orc priest, wielding a +0 trident and wearing a +0 leather armour (chance to defeat MR: 49%)
The orc priest looks drowsy...
Items here: )) [ †.
The helpless orc priest fails to defend itself.
You perforate the orc priest like a sieve!!!
You kill the orc priest!
Vehumet accepts your kill.
You feel your power returning.
You start resting.
An orc is nearby!
You don't know that spell.
Aim: an orc, wielding a +0 hand axe and wearing a +0 ring mail (chance to defeat MR: 66%)
The orc looks drowsy...
Items here: )) [ †.
The helpless orc fails to defend itself.
You perforate the orc like a sieve!!!
You kill the orc!
Vehumet accepts your kill.
You feel your power returning.
Unknown command.
You start resting.
Items here: )) [ †.
Items here: ))) [[[ ††.
Found a stone staircase leading down.
You close the door.
A quokka zombie comes into view.
A centaur comes into view.
There is an open door here.
The helpless quokka zombie fails to defend itself.
You spit the quokka zombie like a pig!!!
You destroy the quokka zombie!
Vehumet accepts your kill.
The centaur wields a +0 shortbow.
The centaur shoots an arrow.
The arrow hits you!
You see here an arrow.
Aim: a centaur, wielding a +0 shortbow and quivering 16 arrows (chance to defeat MR: 49%)
The centaur resists with some effort.
The centaur shoots an arrow.
The arrow hits you!
* * * LOW HITPOINT WARNING * * *
Aim: a centaur, wielding a +0 shortbow and quivering 15 arrows (chance to defeat MR: 49%)
The centaur resists with some effort.
The centaur shoots an arrow.
The arrow completely misses you.
Aim: a centaur, wielding a +0 shortbow and quivering 14 arrows (chance to defeat MR: 49%)
The centaur resists with some effort.
The centaur shoots an arrow.
The arrow hits you!
* * * LOW HITPOINT WARNING * * *
The centaur shoots an arrow.
The arrow misses you.
The centaur unwields a +0 shortbow.
The centaur hits you!
You die...

#############
#...(....(@c#
##########
#...........#
#........# #
#....>......+
+........# #
#...........#
#........# ##
#####'#######
#........# #. #.#
#........###.
#.##########......)....
#.....)....+...........
#+#.###)####...........


You could see a centaur.

Vanquished Creatures
  Edmund (D:4)
  An orc warrior (D:6)
  An ice beast (D:6)
  An ogre (D:6)
  A bullfrog (D:6)
  A scorpion (D:6)
  2 centaur zombies
  A bullfrog zombie (D:3)
  2 hounds (D:5)
  A bullfrog skeleton (D:5)
  3 orc priests
  An orc wizard (D:5)
  Jessica (D:3)
  3 worker ants
  2 iguanas
  10 gnolls
  12 adders
  A white imp (D:5)
  3 ufetubi (D:5)
  2 oozes
  5 worms
  2 leopard geckos
  20 orcs
  4 ball pythons
  8 bats
  5 giant cockroaches
  6 goblins
  7 hobgoblins
  5 jackals
  10 kobolds
  A quokka (D:2)
  8 frilled lizards
  A quokka zombie (D:6)
  10 rats
142 creatures vanquished.

Vanquished Creatures (others)
  A goblin (D:3)
  A ball python (D:3)
  A plant (D:1)
3 creatures vanquished.

Grand Total: 145 creatures vanquished

Notes
Turn   | Place    | Note
-------+----------+-------------------------------------------
     0 | D:1      | Apogee the Spriggan Enchanter began the quest for the Orb.
     0 | D:1      | Reached XP level 1. HP: 9/9 MP: 5/5
   574 | D:2      | Reached skill level 5 in Stealth
   574 | D:2      | Reached XP level 2. HP: 3/13 MP: 4/6
   924 | D:1      | Learned a level 2 spell: Ensorcelled Hibernation
  1187 | D:1      | Reached XP level 3. HP: 16/16 MP: 1/8
  2129 | D:2      | You fall into a shaft and drop 1 floor!
  2570 | D:2      | Reached XP level 4. HP: 21/21 MP: 9/9
  3184 | D:2      | Reached XP level 5. HP: 17/24 MP: 7/10
  3515 | D:3      | Found a radiant altar of Vehumet.
  3605 | D:3      | Became a worshipper of Vehumet
  3861 | D:3      | Found a runed translucent gate.
  3862 | D:3      | Found a runed translucent gate.
  3862 | D:3      | Found an opulent altar of Gozag.
  3863 | D:3      | Found a runed translucent gate.
  3864 | D:3      | Noticed an orc warrior
  3865 | D:3      | Noticed Yorgos's ghost (amateur GnDe)
  3993 | D:3      | Noticed Jessica
  4039 | D:3      | Killed Jessica
  4652 | D:3      | Reached XP level 6. HP: 28/28 MP: 11/11
  5342 | D:4      | Noticed Edmund
  5344 | D:4      | Killed Edmund
  5344 | D:4      | Reached skill level 5 in Short Blades
  5362 | D:4      | Reached * piety under Vehumet
  5362 | D:4      | Offered knowledge of Foxfire by Vehumet.
  5424 | D:4      | Noticed Tenar's ghost (amateur FoFi)
  5483 | D:4      | Learned a level 3 spell: Confusing Touch
  5642 | D:4      | Reached skill level 5 in Hexes
  5670 | D:4      | Found a runed translucent gate.
  5670 | D:4      | Found a runed translucent gate.
  5670 | D:4      | Found a runed translucent gate.
  6068 | D:5      | Entered Level 5 of the Dungeon
  6117 | D:5      | Reached XP level 7. HP: 32/32 MP: 14/14
  7133 | D:5      | Found a hazy altar of Hepliaklqana.
  7222 | D:5      | Found a sparkling altar of Nemelex Xobeh.
  7938 | D:6      | Offered knowledge of Shock by Vehumet.
  7938 | D:6      | Reached skill level 1 in Fighting
  7938 | D:6      | Reached XP level 8. HP: 37/37 MP: 15/15
  7957 | D:6      | Reached ** piety under Vehumet
  8012 | D:6      | Found a staircase to the Ecumenical Temple.
  8079 | D:6      | Found a bloodstained altar of Trog.
  8080 | D:6      | Found an opulent altar of Gozag.
  8235 | D:6      | Reached skill level 5 in Dodging
  8557 | D:6      | Slain by a centaur

Illustrated notes

Levels and vault maps discovered:
D:1:      erik_arrival_blinker_ship, layout_basic, serial_bayou_ford_a
D:2:      minmay_skewed_foursquare, layout_basic
D:3:      layout_loops_ring, fiery_altar_vehumet, ebering_ghost_gozag,
          uniq_jessica
D:4:      layout_loops_corners, gammafunk_ghost_split, serial_park_tiny_pond,
          uniq_edmund
D:5:      layout_gridville, marbit_many_paths, nemelex_lonely_heart_becter
D:6:      layout_basic, gammafunk_temple_overflow_pools,
          minmay_temple_entry_nine_rooms

Skill      XL: |  1  2  3  4  5  6  7  8 |
---------------+-------------------------+-----
Short Blades   | 2 3 4 5 |  5.0
Stealth        | 5 6 7 8 |  8.0
Spellcasting   | 4 |  4.0
Hexes          | 5 8 |  8.0
Fighting       | 1 2 |  2.5
Dodging        | 5 |  5.7

Action                   |  1- 3 |  4- 6 |  7- 9 || total
-------------------------+-------+-------+-------++-------
Melee: Dagger            |   141 |    95 |   124 ||   360
Throw: Stone             |     6 |     2 |     1 ||     9
 Cast: Corona            |     8 |     2 |       ||    10
       Ensorcelled Hiber |    26 |    41 |    46 ||   113
       Confusing Touch   |       |       |     5 ||     5
  Use: Scroll            |       |       |    13 ||    13
 Stab: Sleeping          |    25 |    42 |    36 ||   103
       Confused          |       |       |     4 ||     4
       Distracted        |       |       |     1 ||     1
Armor: Robe              |    12 |     7 |     5 ||    24
Dodge: Dodged            |   133 |    94 |    94 ||   321

Table legend: (Time is in decaauts)
 A = Elapsed time spent in this place.
 B = Non-inter-level travel time spent in this place.
 C = Inter-level travel time spent in this place.
 D = Time resting spent in this place.
 E = Time spent auto-exploring this place.
 F = Levels seen in this place.
 G = Mean time per level.
                   A        B        C        D        E       F      G
               +--------+--------+--------+--------+--------+-----+--------+
         Total |   6848 |   6738 |    110 |   2092 |   3400 |   6 | 1141.3 |
       Dungeon |   6848 |   6738 |    110 |   2092 |   3400 |   6 | 1141.3 |
               +--------+--------+--------+--------+--------+-----+--------+

Top non-repeatable levels by time:
     D:3: 1560 daAuts
     D:1: 1329 daAuts
     D:2: 1329 daAuts
     D:5: 1242 daAuts
     D:4: 705 daAuts
     D:6: 681 daAuts
